 Dungeon Crawl Stone Soup version 0.31.0-9-g3a7656b989 (webtiles) character file.

Game seed: 13181082489666241317

41 qw the Shooter (level 3, 0/20 HPs)
             Began as a Deep Elf Hunter on Feb 2, 2024.
             Succumbed to an adder's poison
             ... on level 2 of the Dungeon.
             The game lasted 00:00:03 (856 turns).

qw the Shooter (Deep Elf Hunter)                     Turns: 856, Time: 00:00:03

Health: 0/20       AC:  6    Str: 10    XL:     3   Next: 32%
Magic:  5/5        EV: 11    Int: 13    God:
Gold:   33         SH:  0    Dex: 18    Spells: 2/2 levels left

rFire   . . .        a - +0 shortbow
rCold   . . .        (shield currently unavailable)
rNeg    . . .        e - +0 ring mail
rPois   .            g - +0 helmet
rElec   .            (no cloak)
rCorr   .            (no gloves)
SInv    .            (no boots)
Will    .....        (no amulet)
Stlth   +            (no ring)
HPRegen 0.23/turn    (no ring)
MPRegen 0.09/turn

%: no passive effects
@: lethally poisoned (0 -> -4)
A: no striking features
a: no special abilities


You were on level 2 of the Dungeon.
You visited 1 branch of the dungeon, and saw 2 of its levels.

You collected 33 gold pieces.


   Skills:
 - Level 1.5 Fighting
 + Level 6.9 Ranged Weapons
 - Level 2.4 Dodging
 - Level 1.2 Stealth


You had 2 spell levels left.
You didn't know any spells.
Your spell library was empty.

Inventory:

Hand Weapons
 a - a +0 shortbow (weapon)
Armour
 e - a +0 ring mail (worn)
 g - a +0 helmet (worn)
Potions
 i - a potion of resistance {unknown}

Dungeon Overview and Level Annotations

Branches:
Dungeon (2/15)

Altars:

Shops:
D:2 (


Message History

The adder misses you. The adder closely misses you.
The adder barely misses you.
You shoot an arrow. The arrow barely misses the adder.
The adder closely misses you.
The adder bites you but does no damage. x2
You shoot an arrow. The arrow hits the adder!
The adder is almost dead.
The adder bites you.
You are poisoned.
The adder poisons you! The adder completely misses you.
The adder bites you but does no damage.
You shoot an arrow. The arrow closely misses the adder.
You feel sick. The adder closely misses you. The adder bites you.
The adder closely misses you.
You shoot an arrow. The arrow barely misses the adder.
You feel sick. The adder bites you but does no damage. The adder bites you. x2
You are more poisoned.
The adder poisons you! The adder barely misses you.
You shoot an arrow. The arrow closely misses the adder.
You feel sick. The adder barely misses you.
The adder bites you but does no damage.
You shoot an arrow. The arrow misses the adder.
You feel sick. The adder misses you.
The adder bites you but does no damage. x2
The adder barely misses you.
You shoot an arrow. The arrow misses the adder.
You feel sick. The adder bites you. The adder closely misses you.
The adder barely misses you.
You shoot an arrow. The arrow barely misses the adder.
You feel sick. The adder closely misses you. x2
The adder bites you but does no damage.
You shoot an arrow. The arrow hits the adder.
You kill the adder!
You feel sick.
You are no longer poisoned.
The adder bites you.
You are lethally poisoned!
The adder poisons you! The adder closely misses you.
You shoot an arrow. The arrow closely misses the adder.
You feel sick. The adder barely misses you.
You shoot an arrow.
The arrow hits the adder but does no damage.
You die...

#...............#..
#.....\............
#...............#
#..........<....#..
#.........>........
#.....%...........
##...........##.##
##S.##......# ..
#@##...##### $
.............#
.#..........##
...........##
...$####...# ....
...# .## #..# ...


You could see an adder.

Vanquished Creatures
  2 adders (D:2)
  3 dart slugs (D:1)
  A ball python (D:2)
  An endoplasm (D:1)
  A giant cockroach (D:1)
  2 quokkas (D:1)
  3 bats (D:1)
  A frilled lizard (D:1)
  3 kobolds (D:1)
  2 rats (D:1)
19 creatures vanquished.

Notes
Turn   | Place    | Note
-------+----------+-------------------------------------------
     0 | D:1      | qw the Deep Elf Hunter began the quest for the Orb.
     0 | D:1      | Reached XP level 1. HP: 12/12 MP: 3/3
     0 | D:1      | 0 ||| qw: Version: 0.3-a-155-g5e7d8dd
     0 | D:1      | 0 ||| qw: Game counter: 2485
     0 | D:1      | 0 ||| qw: Melee chars always use a shield: true
     0 | D:1      | 0 ||| qw: God list: Okawaru
     0 | D:1      | 0 ||| qw: Allow faded altars: false
     0 | D:1      | 0 ||| qw: Do Orc after clearing Dungeon:15 true
     0 | D:1      | 0 ||| qw: Do second Lair branch before Depths: true
     0 | D:1      | 0 ||| qw: Lair rune preference: random
     0 | D:1      | 0 ||| qw: Goals: Normal
     0 | D:1      | 0 ||| PLANNING D:1-11
   213 | D:1      | Reached skill level 6 in Ranged Weapons
   213 | D:1      | Reached XP level 2. HP: 16/16 MP: 4/4
   736 | D:1      | 736 ||| UPGRADING to +0 ring mail.
   746 | D:1      | 746 ||| DROPPING +0 leather armour.
   747 | D:1      | 747 ||| UPGRADING to +0 helmet.
   752 | D:1      | 752 ||| DROPPING ring of flight.
   753 | D:1      | 753 ||| READING scroll labelled TEIPTYUROMM.
   785 | D:1      | 785 ||| DRINKING 2 glowing amethyst potions.
   786 | D:1      | 786 ||| DROPPING scroll of butterflies.
   787 | D:1      | 787 ||| DROPPING potion of invisibility.
   831 | D:2      | Found Arphium's Antique Weapon Shop.
   832 | D:2      | 832 ||| RETREEEEATING.
   833 | D:2      | 833 ||| RETREEEEATING.
   834 | D:2      | 834 ||| RETREEEEATING.
   835 | D:2      | 835 ||| RETREEEEATING.
   836 | D:2      | 836 ||| RETREEEEATING.
   837 | D:2      | 837 ||| RETREEEEATING.
   838 | D:2      | 838 ||| RETREEEEATING.
   839 | D:2      | 839 ||| RETREEEEATING.
   840 | D:2      | 840 ||| RETREEEEATING.
   844 | D:2      | Reached XP level 3. HP: 19/20 MP: 5/5
   852 | D:2      | HP: 5/20 [adder (1)]
   855 | D:2      | HP: 1/20 [poisoned by an adder]
   856 | D:2      | Succumbed to an adder's poison

Levels and vault maps discovered:
D:1:      dpeg_arrival_prison, layout_loops_ring, hex_tiny
D:2:      layout_rooms, serial_shops, shop, basic_ecumenical_altar

Skill      XL: |  1 |
---------------+----+-----
Ranged Weapons | 6 |  6.9
Fighting       | |  1.5
Dodging        | |  2.4
Stealth        | |  1.2

Action                     || total
---------------------------++-------
   Fire: Shortbow          ||    51
    Use: Scroll            ||     1
         Potion            ||     1
 Armour: Ring mail         ||    22
         Leather armour    ||     1
  Dodge: Dodged            ||    29

Table legend:
 A = Non-vault XP
 B = Vault XP
 C = Vault XP percentage of total XP
 D = Non-vault monster count
 E = Vault monster count
 F = Vault count percentage of total count
                 A         B        C        D         E       F
            +---------+---------+-------+---------+---------+-------
      Total |      56 |       3 |   5.1 |      17 |       2 |  10.5
            +---------+---------+-------+---------+---------+-------
        D:1 |      28 |       3 |   9.7 |      14 |       2 |  12.5
        D:2 |      28 |       0 |   0.0 |       3 |       0 |   0.0
            +---------+---------+-------+---------+---------+-------
